 Dungeon Crawl Stone Soup version 0.27.0-1-g7a089689b8 (webtiles) character file.

Game seed: 6320768006479560805

3011 SnakkuSnakku7 the Basher (level 9, -5/84 HPs)
             Began as an Ogre Delver on Aug 6, 2021.
             Slain by a sun demon (7 damage)
             ... summoned by a kobold demonologist
             ... on level 7 of the Dungeon.
             The game lasted 00:10:53 (8962 turns).

SnakkuSnakku7 the Basher (Ogre Delver)              Turns: 8962, Time: 00:10:54

Health: -5/84      AC:  5    Str: 19    XL:     9   Next: 84%
Magic:  18/18      EV: 10    Int: 14    God:
Gold:   359        SH:  0    Dex: 12    Spells: 8/8 levels left

rFire    + . .     SeeInvis .   a - +2 giant club
rCold    . . .     Faith    .   (shield currently unavailable)
rNeg     . . .     Spirit   .   l - +2 robe of Cuyxur {rF+ rCorr Int+3 Stlth-}
rPois    .         Reflect  .   (helmet restricted)
rElec    .         Harm     .   (no cloak)
rCorr    +         Rampage  .   (gloves unavailable)
Will     .....                  (boots unavailable)
Stlth    +.........             (no amulet)
HPRegen  0.24/turn              n - ring of resist corrosion
MPRegen  0.16/turn              i - ring of magical power

@: no status effects
A: large, unfitting armour, tough skin 1
a: no special abilities


You were on level 7 of the Dungeon.
You visited 1 branch of the dungeon, and saw 7 of its levels.

You collected 359 gold pieces.

Inventory:

Hand Weapons
 a - a +2 giant club (weapon)
 e - a +0 mace
 v - a +0 flail
Armour
 l - the +2 robe of Cuyxur (worn) {rF+ rCorr Int+3 Stlth-}
   (You found it on level 5 of the Dungeon)

   Int:       It affects your intelligence (+3).
   rF:        It protects you from fire.
   rCorr:     It protects you from acid and corrosion.
   Stlth:     It makes you less stealthy.
Jewellery
 i - a ring of magical power (right hand)
 n - a ring of resist corrosion (left hand)
Wands
 g - a wand of digging (9)
Scrolls
 b - a scroll of amnesia {unknown}
 c - a scroll of fog
 d - 3 scrolls of magic mapping
 h - a scroll of enchant armour {unknown}
 o - a scroll of acquirement {unknown}
 p - 2 scrolls of vulnerability {unknown}
Potions
 f - 3 potions of haste
 j - a potion of curing
 m - a potion of brilliance
 q - 2 potions of might
 r - a potion of heal wounds
 s - 2 potions of ambrosia
 t - a potion of cancellation
 u - a potion of berserk rage
 w - a potion of flight {unknown}
 x - a potion of degeneration {unknown}


   Skills:
 - Level 4.0 Fighting
 + Level 12.1 Maces & Flails
 - Level 1.7 Dodging
 - Level 3.7 Stealth


You had 8 spell levels left.
You didn't know any spells.
Your spell library contained the following spells:

 Spells                   Type           Power      Damage    Failure   Level
 Corona                   Hex            0%         N/A       28%         1
 Ensorcelled Hibernation  Hex/Ice        0%         N/A       41%         2
 Spider Form              Tmut/Pois      0%         N/A       65%         3
 Tukima's Dance           Hex            0%         N/A       65%         3
 Shadow Creatures         Summ           N/A        N/A       100%        6


Dungeon Overview and Level Annotations

Branches:
Dungeon (7/15)             Temple (0/1) D:6

Altars:
Hepliaklqana
Zin

Shops:
D:4 :   D:6 =


Innate Abilities, Weirdness & Mutations

You are too large for most types of armour.
You have tough skin. (AC +1)


Message History

The kobold demonologist is heavily wounded.
The kobold demonologist mumbles some strange words.
You closely miss the kobold demonologist.
The kobold demonologist is heavily wounded.
The kobold demonologist begins to cast a cantrip, but forgets the words!
You hit the kobold demonologist.
The kobold demonologist is severely wounded.
The sun demon hits you.
You are engulfed in flames.
You resist.
The kobold demonologist hits you with a +0 dagger.
You barely miss the kobold demonologist.
The kobold demonologist is severely wounded.
The sun demon hits you but does no damage.
The kobold demonologist hits you with a +0 dagger.
You miss the kobold demonologist.
The kobold demonologist is severely wounded.
The sun demon hits you but does no damage.
The kobold demonologist casts a spell.
You thump the kobold demonologist!
The kobold demonologist is almost dead.
The sun demon barely misses you.
The kobold demonologist hits you with a +0 dagger.
The orange demon completely misses you.
You miss the kobold demonologist.
The kobold demonologist is almost dead.
The sun demon hits you!
You are engulfed in flames.
You resist.
The kobold demonologist mumbles some strange words.
The sun demon hits you!!
* * * LOW HITPOINT WARNING * * *
You are engulfed in flames!
You resist.
* * * LOW HITPOINT WARNING * * *
The orange demon stings you from afar.
* * * LOW HITPOINT WARNING * * *
Unknown command.
Okay, then.
You barely miss the kobold demonologist.
The kobold demonologist is almost dead.
The sun demon hits you!
* * * LOW HITPOINT WARNING * * *
You are engulfed in flames!
You resist.
You die...

#....#.....#####
#####....#.........####
#...##...#.............
####...####'#.............
...#...#..................
...#...#..................
...#...'..................
...#####.....###'#....####
.........#####.3@######
.........# #.45K5#
.........# #<..5.#
.........# ##....#
(...#'#### #...##
....#...+ #...# ....#...#
....# ....#..## ##...#
....#..###


You could see a sun demon (summoned), an orange demon (summoned), a kobold
demonologist, an iron imp (summoned), a crimson imp (summoned) and a shadow imp
(summoned).

Vanquished Creatures
  3 steam dragons
  3 water moccasins
  A hornet zombie (D:7)
  A sky beast (D:6)
  A black bear (D:5)
  2 ogres
  3 centaurs
  A phantom (D:6)
  2 bullfrogs (D:7)
  2 scorpions
  4 jellies
  A wyvern skeleton (D:5)
  3 killer bees (D:6)
  A howler monkey (D:6)
  2 hounds
  2 bullfrog skeletons
  5 orc priests (D:4)
  3 centaur skeletons
  Natasha (thrice) (D:3)
  3 iguanas
  4 orc wizards
  2 hound skeletons
  A howler monkey zombie (D:5)
  4 gnolls (D:6)
  11 adders
  A shadow imp (D:6)
  An ufetubus (D:6)
  An adder skeleton (D:3)
  4 worms
  A dart slug (D:2)
  24 orcs
  10 endoplasms
  5 giant cockroaches
  8 goblins
  7 hobgoblins
  15 jackals
  2 quokkas
  12 ball pythons
  8 bats
  5 frilled lizards
  4 kobolds
  3 rats
179 creatures vanquished.

Vanquished Creatures (others)
  9 plants (D:2)
9 creatures vanquished.

Grand Total: 188 creatures vanquished

Notes
Turn   | Place    | Note
-------+----------+-------------------------------------------
     0 | D:5      | SnakkuSnakku7 the Ogre Delver began the quest for the Orb.
     0 | D:5      | Reached XP level 1. HP: 24/24 MP: 1/1
    25 | D:5      | Noticed an ogre
    97 | D:5      | HP: 1/24 [centaur skeleton (1)]
    99 | D:5      | Reached skill level 3 in Maces & Flails
    99 | D:5      | Reached XP level 2. HP: 2/32 MP: 2/2
    99 | D:5      | Reached XP level 3. HP: 3/39 MP: 3/3
   412 | D:4      | Noticed a centaur
   483 | D:5      | Reached XP level 4. HP: 20/48 MP: 4/4
   554 | D:5      | Reached skill level 4 in Maces & Flails
  1043 | D:5      | Reached XP level 5. HP: 31/54 MP: 5/5
  1432 | D:2      | Reached skill level 5 in Maces & Flails
  1946 | D:1      | Reached XP level 6. HP: 50/62 MP: 6/6
  2261 | D:2      | Found a faded altar of an unknown god.
  2873 | D:3      | HP: 3/62 [poisoned by an adder]
  3896 | D:3      | Noticed Natasha
  3908 | D:3      | Killed Natasha
  3909 | D:3      | Reached skill level 6 in Maces & Flails
  3965 | D:3      | Noticed Natasha
  3986 | D:3      | Killed Natasha
  4361 | D:3      | Noticed Natasha
  4375 | D:3      | Killed Natasha
  5053 | D:4      | Reached XP level 7. HP: 70/70 MP: 7/7
  5087 | D:4      | Reached skill level 7 in Maces & Flails
  5229 | D:4      | Found Ryumyiwu's Book Shop.
  5922 | D:5      | Reached skill level 8 in Maces & Flails
  6211 | D:5      | Reached XP level 8. HP: 70/78 MP: 8/8
  6235 | D:5      | Reached skill level 9 in Maces & Flails
  6561 | D:5      | Identified the +2 robe of Cuyxur {rF+ rCorr Int+3 Stlth-}
  6737 | D:6      | Reached skill level 10 in Maces & Flails
  6996 | D:6      | Reached XP level 9. HP: 22/84 MP: 9/9
  7328 | D:6      | Found Siecruj's Jewellery Emporium.
  7515 | D:6      | Reached skill level 11 in Maces & Flails
  7831 | D:6      | Found a staircase to the Ecumenical Temple.
  8314 | D:7      | Found a hazy altar of Hepliaklqana.
  8314 | D:7      | Found a glowing silver altar of Zin.
  8443 | D:7      | Reached skill level 12 in Maces & Flails
  8495 | D:7      | Noticed a manticore
  8949 | D:7      | Noticed a kobold demonologist
  8956 | D:7      | Noticed a sun demon
  8960 | D:7      | Noticed an orange demon
  8962 | D:7      | HP: 2/84 [sun demon[a kobold demonologist] (7)]
  8962 | D:7      | Slain by a sun demon

Illustrated notes

Levels and vault maps discovered:
D:1:      lemuel_arrival_tunnels, layout_rooms
D:2:      layout_loops_ring, serial_forest, infiniplex_forest_lined_3,
          infiniplex_forest_clump_small, infiniplex_forest_lined_ring,
          infiniplex_forest_zigzag_1, infiniplex_forest_straight_3,
          infiniplex_forest_clump_long, infiniplex_forest_clump_C,
          infiniplex_forest_clump_long, shapermc_ecumenical_altar_hornbeckon
D:3:      layout_rooms, st_stairs_9, uniq_natasha
D:4:      kennysheep_big_flooded_room, layout_cave_pools, serial_shops,
          shop_statue
D:5:      minmay_bubble_buster, layout_basic, corexii_checkpoint_a,
          hangedman_glass_teeth, chequers_serial_rivers_small_a
D:6:      layout_loops_cross, minmay_temple_entry_poolview,
          minmay_shop_enchanted_jewellery
D:7:      layout_gridville, gammafunk_temple_overflow_elements,
          chequers_serial_rivers_small_a

Skill      XL: |  1  2  3  4  5  6  7  8  9 |
---------------+----------------------------+-----
Maces & Flails | 3 4 5 6 8 10 12 | 12.1
Fighting       | |  4.0
Dodging        | |  1.7
Stealth        | |  3.7

Action                   |  1- 3 |  4- 6 |  7- 9 || total
-------------------------+-------+-------+-------++-------
Melee: Mace              |    21 |   242 |       ||   263
       Flail             |       |   147 |    91 ||   238
       Giant club        |       |       |   190 ||   190
  Use: Scroll            |       |     1 |    11 ||    12
       Potion            |       |       |     4 ||     4
 Stab: Sleeping          |     1 |     8 |     1 ||    10
       Distracted        |       |     1 |       ||     1
Armor: Robe              |    13 |   145 |    66 ||   224
Dodge: Dodged            |     8 |   250 |   184 ||   442
